 Dungeon Crawl Stone Soup version 0.19.0-11-g3fc08b3 (webtiles) character file.

147 Coron the Covered (level 5, 0/67 HPs)
             Began as a Deep Dwarf Arcane Marksman on Nov 10, 2016.
             Slain by Exaltedone87's ghost (7 damage)
             ... on level 3 of the Dungeon.
             The game lasted 00:09:42 (1577 turns).

Coron the Covered (Deep Dwarf Arcane Marksman)      Turns: 1577, Time: 00:09:43

Health: 0/67       AC:  7    Str: 20    XL:     5   Next: 8%
Magic:  6/6        EV: 10    Int: 14    God:
Gold:   34         SH:  0    Dex: 12    Spells: 1 memorised, 5 levels left

rFire  . . .     SeeInvis +     q - +0 hand axe
rCold  . . .     Gourm    .     r - +0 scale mail
rNeg   . . .     Faith    .     (no shield)
rPois  .         Spirit   .     (no helmet)
rElec  .         Reflect  .     (no cloak)
rCorr  .         Harm     .     (no gloves)
MR     .....                    (no boots)
Stlth  ..........               (no amulet)
                                (no ring)
                                o - ring of see invisible

@: berserking (expiring), non-regenerating, very quick
A: damage resistance, recharge devices, sense surroundings 1, slow regeneration
3
a: Device Recharging


You were on level 3 of the Dungeon.
You were not hungry.

You visited 1 branch of the dungeon, and saw 3 of its levels.

You collected 34 gold pieces.

Inventory:

Hand Weapons
 q - a +0 hand axe (weapon)
Missiles
 p - a javelin (quivered)
Armour
 h - a +0 ring mail
 r - a +0 scale mail (worn)
Jewellery
 o - a ring of see invisible (left hand)
Wands
 e - a wand of heal wounds (2/9)
Scrolls
 g - 2 scrolls of remove curse {unknown}
 j - 2 scrolls of identify
 k - a scroll of teleportation
 l - a scroll of blinking {unknown}
 n - a scroll of enchant armour {unknown}
Potions
 d - a potion of lignification {unknown}
 i - a potion of agility
Books
 b - a book of Debilitation

   Spells                             Type                      Level
   a - Corona                         Hexes                        1
   b - Slow                           Hexes                        2
   c - Gell's Gravitas                Hexes/Translocation          3
   d - Inner Flame                    Hexes/Fire                   3
   e - Cause Fear                     Hexes                        4
   f - Leda's Liquefaction            Hexes/Earth                  4
Comestibles
 f - 2 bread rations
 m - 4 chunks of flesh


   Skills:
 - Level 2.2 Fighting
 + Level 0.9 Axes
 - Level 1.7 Throwing
 - Level 4.0 Armour
 - Level 2.1 Dodging
 - Level 0.3 Stealth
 - Level 1.0 Spellcasting
 - Level 2.4 Hexes
 - Level 1.1 Evocations


You had 5 spell levels left.
You knew the following spells:

 Your Spells              Type           Power        Failure   Level  Hunger
a - Corona                Hex            #......      30%         1    ##.....


Dungeon Overview and Level Annotations

Branches:
Dungeon (3/15)

Altars:

Annotations:
D:3 Exaltedone87's ghost, amateur DrBe


Innate Abilities, Weirdness & Mutations

You are resistant to damage.
You can recharge devices by infusing magical energy.
You passively map a small area around you.
You do not regenerate.


Message History

You kill the giant cockroach!
Exaltedone87's ghost completely misses you.
You barely miss Exaltedone87's ghost.
Exaltedone87's ghost is heavily damaged.
Exaltedone87's ghost hits you.
* * * LOW HITPOINT WARNING * * *
You closely miss Exaltedone87's ghost.
Exaltedone87's ghost is heavily damaged.
Exaltedone87's ghost screams in joy, "As in life, so in death: Kill!
Kill!!
Kill!!!"
Exaltedone87's ghost barely misses you.
You closely miss Exaltedone87's ghost.
Exaltedone87's ghost is heavily damaged.
You hit Exaltedone87's ghost but do no damage.
Exaltedone87's ghost is heavily damaged.
Exaltedone87's ghost hits you!
* * * LOW HITPOINT WARNING * * *
You hit Exaltedone87's ghost but do no damage.
Exaltedone87's ghost is heavily damaged.
Exaltedone87's ghost hits you!
You die...

.............#+######...
......####.............
...... #...........#
...... #...........#
..W... #...........#
......* #...........#
...... #...........#
#?....W)....#
#......@....#
#..?........#
#...........#
#...........# ,
.....>......# ,
,....######### ..!.*
,... , ,


You could see Exaltedone87's ghost.

Vanquished Creatures
  Natasha (thrice) (D:2)
  3 adders
  A worm (D:2)
  A dart slug (D:1)
  An orc (D:3)
  3 giant cockroaches
  8 goblins
  6 hobgoblins
  2 kobolds
  2 ball pythons (D:2)
  5 bats
  4 frilled lizards (D:2)
  6 rats
45 creatures vanquished.

Notes
Turn   | Place    | Note
-------+----------+-------------------------------------------
     0 | D:1      | Coron the Deep Dwarf Arcane Marksman began the quest for the Orb.
     0 | D:1      | Reached XP level 1. HP: 16/16 MP: 2/2
   108 | D:1      | Reached skill level 1 in Fighting
   260 | D:1      | Reached skill level 1 in Armour
   294 | D:1      | Reached XP level 2. HP: 18/25 MP: 3/3
   837 | D:2      | Reached skill level 2 in Armour
   837 | D:2      | Reached XP level 3. HP: 19/31 MP: 4/4
   978 | D:2      | Noticed Natasha
   983 | D:2      | Killed Natasha
   983 | D:2      | Reached skill level 3 in Armour
  1031 | D:2      | Noticed Natasha
  1055 | D:2      | Killed Natasha
  1055 | D:2      | Reached XP level 4. HP: 30/39 MP: 5/5
  1151 | D:2      | Noticed Natasha
  1190 | D:2      | Killed Natasha
  1190 | D:2      | Reached skill level 1 in Evocations
  1448 | D:3      | Noticed Exaltedone87's ghost (amateur DrBe)
  1474 | D:3      | Reached skill level 4 in Armour
  1523 | D:3      | Reached XP level 5. HP: 41/45 MP: 6/6
  1577 | D:3      | Slain by Exaltedone87's ghost

Skill      XL: |  1  2  3  4 |
---------------+-------------+-----
Fighting       | 1 2 |  2.2
Armour         | 1 2 3 4 |  4.0
Evocations     | 1 |  1.1
Axes           | |  0.9
Throwing       | |  1.7
Dodging        | |  2.1
Stealth        | |  0.3
Spellcasting   | |  1.0
Hexes          | |  2.4

Action                   |  1- 3 |  4- 6 || total
-------------------------+-------+-------++-------
Melee: Unarmed           |   109 |       ||   109
       Club              |   103 |    26 ||   129
       Hand axe          |       |    58 ||    58
Throw: Javelin           |    20 |     4 ||    24
       Throwing net      |     3 |     1 ||     4
Evoke: Wand              |     2 |     1 ||     3
  Use: Scroll            |     1 |     1 ||     2
       Potion            |       |     1 ||     1
 Stab: Sleeping          |     1 |       ||     1
  Eat: Chunk             |     1 |     2 ||     3
Armor: Ring mail         |    86 |    15 ||   101
       Scale mail        |       |    29 ||    29
Dodge: Dodged            |   193 |    68 ||   261
